 Dungeon Crawl Stone Soup version 0.27.1-4-g1640c2035a (webtiles) character file.

Game seed: 7871525624190048432

49 zeram the Chopper (level 3, -4/31 HPs)
             Began as a Hill Orc Fighter on Nov 13, 2021.
             Slain by an ogre (15 damage)
             ... on level 2 of the Dungeon.
             The game lasted 00:02:17 (1498 turns).

zeram the Chopper (Hill Orc Fighter)                Turns: 1498, Time: 00:02:17

Health: -4/31      AC: 12    Str: 19    XL:     3   Next: 77%
Magic:  3/3        EV:  3    Int:  8    God:
Gold:   62         SH:  9    Dex: 10    Spells: 2/2 levels left

rFire    . . .     SeeInvis .   a - +0 war axe
rCold    . . .     Faith    .   c - +0 kite shield
rNeg     . . .     Spirit   .   l - +0 plate armour
rPois    .         Reflect  .   (no helmet)
rElec    .         Harm     .   g - scarf {shadows}
rCorr    .         Rampage  .   i - +0 pair of gloves
Will     .....                  (no boots)
Stlth    ..........             (no amulet)
HPRegen  0.10/turn              (no ring)
MPRegen  0.08/turn              (no ring)

@: mighty
A: no striking features
a: no special abilities


You were on level 2 of the Dungeon.
You visited 1 branch of the dungeon, and saw 2 of its levels.

You collected 62 gold pieces.

Inventory:

Hand Weapons
 a - a +0 war axe (weapon)
Armour
 b - a +0 scale mail
 c - a +0 kite shield (worn)
 g - a scarf of shadows (worn)
 i - a +0 pair of gloves (worn)
 l - a +0 plate armour (worn)
Scrolls
 h - a scroll of blinking {unknown}
 j - a scroll of vulnerability {unknown}
 k - a scroll of noise {unknown}
Potions
 e - a potion of curing {unknown}
 f - a potion of magic {unknown}


   Skills:
 - Level 3.6 Fighting
 * Level 4.3 Axes
 + Level 3.7 Armour
 + Level 3.7 Shields


You had 2 spell levels left.
You didn't know any spells.
Your spell library was empty.

Dungeon Overview and Level Annotations

Branches:
Dungeon (2/15)

Altars:

Shops:
D:1 =?


Message History

You now have 62 gold pieces (gained 16).
Found a stone staircase leading down.
There is a stone staircase leading down here.
An endoplasm comes into view.
An endoplasm is nearby!
An endoplasm is nearby!
An endoplasm is nearby!
You hit the endoplasm.
You kill the endoplasm!
An endoplasm comes into view.
The endoplasm quivers.
An endoplasm is nearby!
An endoplasm is nearby!
An endoplasm is nearby!
An ogre comes into view. It is wielding a +0 giant club.
The ogre shouts!
Your plate armour prevents you from hitting the ogre.
The ogre hits you with a +0 giant club!
Ouch! That really hurt!
You are too injured to fight recklessly!
You are too injured to fight recklessly!
You are too injured to fight recklessly!
You are too injured to fight recklessly!
You are too injured to fight recklessly!
You are too injured to fight recklessly!
You are too injured to fight recklessly!
You are too injured to fight recklessly!
Unknown command.
You are too injured to fight recklessly!
Unknown command.
You closely miss the ogre. You block the ogre's attack.
You hit the ogre.
The ogre is moderately wounded.
The ogre hits you with a +0 giant club. You block the ogre's attack.
You are too injured to fight recklessly!
You feel very mighty all of a sudden.
You slash the ogre!
The ogre is heavily wounded.
The ogre hits you with a +0 giant club!
You die...

####.##...#
#.##...##
#.##.#..#
#.##.#..#
#.##.#..##
#........#
####.###.##
#.###..######
#.....>...@.#
########.##O#
#.# J.. #.#
.#.# #.# ##.#
#.# . ..# #
###


You could see an ogre and an endoplasm.

Vanquished Creatures
  An adder (D:2)
  6 endoplasms
  A giant cockroach (D:2)
  3 goblins
  5 hobgoblins
  4 jackals (D:1)
  A quokka (D:2)
  4 ball pythons (D:1)
  2 bats
  4 frilled lizards
  4 kobolds
  2 rats (D:1)
37 creatures vanquished.

Notes
Turn   | Place    | Note
-------+----------+-------------------------------------------
     0 | D:1      | zeram the Hill Orc Fighter began the quest for the Orb.
     0 | D:1      | Reached XP level 1. HP: 19/19 MP: 1/1
    78 | D:1      | Reached skill level 3 in Axes
   197 | D:1      | Reached XP level 2. HP: 26/26 MP: 2/2
   770 | D:1      | Found Gyuw's Jewellery Emporium.
   786 | D:1      | Found Ymioto's Magic Scroll Boutique.
   800 | D:1      | Reached XP level 3. HP: 31/31 MP: 3/3
  1223 | D:2      | Reached skill level 4 in Axes
  1493 | D:2      | Noticed an ogre
  1498 | D:2      | Slain by an ogre

Illustrated notes

Levels and vault maps discovered:
D:1:      lemuel_arrival_hallway, layout_loops_ring, serial_shops, shop,
          nicolae_square_shop
D:2:      layout_basic

Skill      XL: |  1  2  3 |
---------------+----------+-----
Axes           | 3 4 |  4.3
Fighting       | |  3.6
Armour         | |  3.7
Shields        | |  3.7

Action                   || total
-------------------------++-------
Melee: War axe           ||   102
  Use: Scroll            ||     1
       Potion            ||     1
Armor: Scale mail        ||    45
       Plate armour      ||    24
Dodge: Dodged            ||    26
Block: Kite shield       ||    60
